TEX
CORPUS CHRISTI HOOKS @ SAN ANTONIO MISSIONS
07/18/2099
 
TOP OF THE 1ST
Corpus Christi Hooks batting - Pitching for San Antonio Missions : LHP Jonathon Vannoy
Pitching: LHP Jonathon Vannoy
Batting: RHB Ryan Avey 0-0: Ball
1-0: Bunt missed!
1-1: Fly out, F8 (Flyball, 8LD, EV 93.1 MPH)
Batting: RHB Donovan Miller 0-0: Swinging Strike
0-1: Called Strike
0-2: Ball
1-2: Foul Ball, location: 7LMF
1-2: SINGLE (Groundball, 4D, EV 95.0 MPH)
Batting: RHB Eric Black 0-0: Ball
1-0: Foul Ball, location: 9LMF
1-1: Ball
2-1: Foul Ball, location: 9LMF
2-2: Ball
3-2: Foul Ball, location: 9LDF
3-2: Fielders Choice at 2nd, 5-4 (Groundball, 56S, EV 84.4 MPH)
Batting: RHB James Woodard 0-0: Called Strike
0-1: Fielders Choice at 2nd, 5-4 (Groundball, 56, EV 85.0 MPH)
Top of the 1st over - 0 runs, 1 hit, 0 errors, 1 left on base; Corpus Christi 0 - San Antonio 0
BOTTOM OF THE 1ST
San Antonio Missions batting - Pitching for Corpus Christi Hooks : RHP Chad Wilson
Pitching: RHP Chad Wilson
Batting: RHB Rich Ortiz 0-0: Swinging Strike
0-1: Ball
1-1: Foul Ball, location: 2F
1-2: Ball
2-2: Fly out, F7 (Flyball, 7, EV 81.9 MPH)
Batting: LHB Darwin Mattair 0-0: Ball
1-0: Foul Ball, location: 2F
1-1: Ball
2-1: Ball
3-1: Called Strike
3-2: Base on Balls
Batting: SHB Billy Schneider 0-0: Foul Ball, location: 3FF
0-1: Fly out, F7 (Flyball, 7D, EV 102.5 MPH)
Batting: LHB Corey Noto 0-0: Fly out, F8 (Flyball, 8LXD, EV 90.6 MPH)
Bottom of the 1st over - 0 runs, 0 hits, 0 errors, 1 left on base; Corpus Christi 0 - San Antonio 0
TOP OF THE 2ND
Corpus Christi Hooks batting - Pitching for San Antonio Missions : LHP Jonathon Vannoy
Batting: RHB David Warren 0-0: Ball
1-0: Foul Ball, location: 3F
1-1: Foul Ball, location: 5DF
1-2: Strikes out swinging, 2-3 out at first.
Batting: LHB Toby O'Dell 0-0: Called Strike
0-1: Ball
1-1: Ball
2-1: Fly out, F7 (Flyball, 7D, EV 84.4 MPH)
Batting: RHB Edwin Cardenas 0-0: Called Strike
0-1: Ball
1-1: Foul Ball, location: 3DF
1-2: Foul Ball, location: 2LF
1-2: Fly out, F7 (Flyball, 78D, EV 104.4 MPH)
Top of the 2nd over - 0 runs, 0 hits, 0 errors, 0 left on base; Corpus Christi 0 - San Antonio 0
BOTTOM OF THE 2ND
San Antonio Missions batting - Pitching for Corpus Christi Hooks : RHP Chad Wilson
Batting: RHB Sincere Robinson 0-0: Ball
1-0: Ball
2-0: Ball
3-0: Foul Ball, location: 5SF
3-1: Called Strike
3-2: Strikes out looking
Batting: RHB Kyle Kurtz 0-0: Ball
1-0: Ball
2-0: Ball
3-0: Called Strike
3-1: SINGLE (Line Drive, 89S, EV 93.1 MPH)
Batting: RHB Devon Pardoe 0-0: Called Strike
0-1: Swinging Strike
0-2: Ground out 4-3 (Groundball, 3, EV 106.3 MPH)
Kyle Kurtz to second
Batting: RHB Mark Williams 0-0: Ball
1-0: Ball
2-0: Called Strike
2-1: Foul Ball, location: 9LDF
2-2: Ground out U3 (Groundball, 34, EV 103.1 MPH)
Bottom of the 2nd over - 0 runs, 1 hit, 0 errors, 1 left on base; Corpus Christi 0 - San Antonio 0
TOP OF THE 3RD
Corpus Christi Hooks batting - Pitching for San Antonio Missions : LHP Jonathon Vannoy
Batting: RHB Danny Nunez 0-0: Foul Ball, location: 5F
0-1: Ball
1-1: Swinging Strike
1-2: Ball
2-2: Foul Ball, location: 7LDF
2-2: Strikes out swinging
Batting: RHB Dave Alley 0-0: Ball
1-0: Foul Ball, location: 25F
1-1: Ball
2-1: Fly out, F9 (Flyball, 9, EV 78.1 MPH)
Pitching: RHP Tom Ruoff
Batting: RHB Ryan Avey 0-0: Called Strike
0-1: SINGLE (Line Drive, 6D, EV 107.5 MPH)
Batting: RHB Donovan Miller 0-0: Swinging Strike
0-1: Ball
1-1: Called Strike
1-2: Strikes out swinging
Top of the 3rd over - 0 runs, 1 hit, 0 errors, 1 left on base; Corpus Christi 0 - San Antonio 0
BOTTOM OF THE 3RD
San Antonio Missions batting - Pitching for Corpus Christi Hooks : RHP Chad Wilson
Batting: RHB Mike McMichael 0-0: Ground out 4-3 (Groundball, 4, EV 85.6 MPH)
Batting: RHB Rich Ortiz 0-0: Called Strike
0-1: Ball
1-1: Ground out 4-3 (Groundball, 4MD, EV 95.6 MPH)
Batting: LHB Darwin Mattair 0-0: Ball
1-0: Ball
2-0: Ball
3-0: Called Strike
3-1: Called Strike
3-2: SINGLE (Line Drive, 8LS, EV 90.0 MPH)
Batting: SHB Billy Schneider 0-0: Ball
1-0: Ball
2-0: Fly out, F9 (Line Drive, 9, EV 89.4 MPH)
Bottom of the 3rd over - 0 runs, 1 hit, 0 errors, 1 left on base; Corpus Christi 0 - San Antonio 0
TOP OF THE 4TH
Corpus Christi Hooks batting - Pitching for San Antonio Missions : RHP Tom Ruoff
Batting: RHB Eric Black 0-0: Fly out, F9 (Flyball, 89D, EV 110.6 MPH)
Batting: RHB James Woodard 0-0: Foul Ball, location: 2F
0-1: Ball
1-1: Foul Ball, location: 5FF
1-2: Ball
2-2: Foul Ball, location: 2F
2-2: Strikes out swinging, 2-3 out at first.
Batting: RHB David Warren 0-0: SINGLE (Line Drive, 6D, EV 101.9 MPH)
Batting: LHB Toby O'Dell 0-0: Foul Ball, location: 2F
0-1: Fly out, F8 (Line Drive, 89M, EV 88.1 MPH)
Top of the 4th over - 0 runs, 1 hit, 0 errors, 1 left on base; Corpus Christi 0 - San Antonio 0
BOTTOM OF THE 4TH
San Antonio Missions batting - Pitching for Corpus Christi Hooks : RHP Chad Wilson
Batting: LHB Corey Noto 0-0: SINGLE (Line Drive, 8LS, EV 93.1 MPH)
Batting: RHB Sincere Robinson 0-0: Called Strike
0-1: SINGLE (Groundball, P, EV 71.9 MPH)
Corey Noto to second
Batting: RHB Kyle Kurtz 0-0: Ball
Wild Pitch!
Corey Noto to third
Sincere Robinson to second
1-0: Ball
2-0: Ball
3-0: Called Strike
3-1: Fly out, F9 (Flyball, 9D, EV 100.0 MPH)
Runner from 3rd tags up, SCORES, no throw by RF
Batting: RHB Devon Pardoe 0-0: Ball
1-0: Ball
2-0: Called Strike
2-1: Fly out, F9 (Flyball, 9LSF, EV 81.3 MPH)
Batting: RHB Mark Williams 0-0: Ball
1-0: Ball
2-0: Swinging Strike
2-1: Ground out 3-1 (Groundball, 34, EV 103.1 MPH)
Bottom of the 4th over - 1 run, 2 hits, 0 errors, 1 left on base; Corpus Christi 0 - San Antonio 1
TOP OF THE 5TH
Corpus Christi Hooks batting - Pitching for San Antonio Missions : RHP Tom Ruoff
Batting: RHB Edwin Cardenas 0-0: Foul Ball, location: 9LSF
0-1: Called Strike
0-2: Foul Ball, location: 2F
0-2: Ground out 1-3 (Groundball, 34S, EV 70.6 MPH)
Batting: RHB Danny Nunez 0-0: Called Strike
0-1: Foul Ball, location: 2F
0-2: Strikes out swinging
Batting: RHB Dave Alley 0-0: Ball
1-0: Ground out U3 (Groundball, 13, EV 90.0 MPH)
Top of the 5th over - 0 runs, 0 hits, 0 errors, 0 left on base; Corpus Christi 0 - San Antonio 1
BOTTOM OF THE 5TH
San Antonio Missions batting - Pitching for Corpus Christi Hooks : RHP Chad Wilson
Batting: RHB Mike McMichael 0-0: Ball
1-0: Ball
2-0: Ball
3-0: Called Strike
3-1: Fly out, F4 (Popup, 4M, EV 63.1 MPH)
Batting: RHB Rich Ortiz 0-0: Called Strike
0-1: Ball
1-1: SOLO HOME RUN (Flyball, 7LD, EV 91.9 MPH), Distance : 338 ft
Batting: LHB Darwin Mattair 0-0: Called Strike
0-1: Ball
1-1: Fly out, F9 (Flyball, 89XD, EV 90.0 MPH)
Batting: SHB Billy Schneider 0-0: Ball
1-0: Fly out, F8 (Flyball, 8LM, EV 84.4 MPH)
Bottom of the 5th over - 1 run, 1 hit, 0 errors, 0 left on base; Corpus Christi 0 - San Antonio 2
TOP OF THE 6TH
Corpus Christi Hooks batting - Pitching for San Antonio Missions : RHP Tom Ruoff
Batting: RHB Ryan Avey 0-0: Swinging Strike
0-1: Foul Ball, location: 2F
0-2: Ground out 6-3 (Groundball, 6, EV 83.8 MPH)
Batting: RHB Donovan Miller 0-0: Ball
1-0: Ground out 5-3 (Groundball, 56S, EV 68.1 MPH)
Batting: RHB Eric Black 0-0: Ball
1-0: Ball
2-0: Ball
3-0: Called Strike
3-1: Swinging Strike
3-2: Strikes out swinging
Top of the 6th over - 0 runs, 0 hits, 0 errors, 0 left on base; Corpus Christi 0 - San Antonio 2
BOTTOM OF THE 6TH
San Antonio Missions batting - Pitching for Corpus Christi Hooks : RHP Chad Wilson
Batting: LHB Corey Noto 0-0: Called Strike
0-1: Foul Ball, location: 25FF
0-2: Ball
1-2: Ball
2-2: SINGLE (Line Drive, 34, EV 106.3 MPH)
Batting: RHB Sincere Robinson 0-0: SINGLE (Line Drive, 6MD, EV 106.3 MPH)
Corey Noto to second
Batting: RHB Kyle Kurtz 0-0: Ball
1-0: Bunt missed!
1-1: Foul Ball, location: 5F
1-2: Foul Ball, location: 2F
1-2: Ground out 6-3 (Groundball, 6MS, EV 91.3 MPH)
Corey Noto to third
Sincere Robinson to second
Batting: RHB Devon Pardoe 0-0: Ball
1-0: Ball
2-0: Ground out 5-3 (Groundball, 56S, EV 87.5 MPH)
Batting: RHB Mark Williams 0-0: Ball
1-0: Ground out 5-3 (Groundball, 56S, EV 83.8 MPH)
Bottom of the 6th over - 0 runs, 2 hits, 0 errors, 2 left on base; Corpus Christi 0 - San Antonio 2
TOP OF THE 7TH
Corpus Christi Hooks batting - Pitching for San Antonio Missions : RHP Tom Ruoff
Batting: RHB James Woodard 0-0: Called Strike
0-1: Ball
1-1: Swinging Strike
1-2: Foul Ball, location: 2F
1-2: Ball
2-2: Ground out 4-3 (Groundball, 4MD, EV 106.3 MPH)
Batting: RHB David Warren 0-0: Ball
1-0: Called Strike
1-1: Ball
2-1: Ground out 6-3 (Groundball, 6, EV 84.4 MPH)
Batting: LHB Toby O'Dell 0-0: Ball
1-0: Called Strike
1-1: Called Strike
1-2: Ball
2-2: Strikes out swinging
Top of the 7th over - 0 runs, 0 hits, 0 errors, 0 left on base; Corpus Christi 0 - San Antonio 2
BOTTOM OF THE 7TH
San Antonio Missions batting - Pitching for Corpus Christi Hooks : RHP Chad Wilson
Batting: RHB Mike McMichael 0-0: Ball
1-0: Ball
2-0: SINGLE (Line Drive, 6M, EV 99.4 MPH)
Pitching: RHP Josh Baird
Batting: RHB Rich Ortiz 0-0: Called Strike
0-1: Ball
1-1: Grounds into double play, 6-4-3 (Groundball, 6, EV 85.6 MPH)
Batting: LHB Darwin Mattair 0-0: Called Strike
0-1: Ball
1-1: Called Strike
1-2: Strikes out swinging
Bottom of the 7th over - 0 runs, 1 hit, 0 errors, 0 left on base; Corpus Christi 0 - San Antonio 2
TOP OF THE 8TH
Corpus Christi Hooks batting - Pitching for San Antonio Missions : RHP Tom Ruoff
Pitching: RHP Jacob Magaw
Batting: RHB Edwin Cardenas 0-0: Foul Ball, location: 5SF
0-1: Swinging Strike
0-2: Ball
1-2: Ball
2-2: Ball
3-2: SINGLE (Flyball, 9S, EV 91.9 MPH)
Batting: RHB Danny Nunez 0-0: Swinging Strike
0-1: Ball
1-1: Ball
2-1: Foul Ball, location: 7LSF
2-2: Fly out, F8 (Flyball, 8LD, EV 104.4 MPH)
Pinch Hitting: RHB Chad Boston 0-0: Fly out, F4 (Popup, 4S, EV 74.4 MPH)
Pinch Hitting: LHB Jesse Boal 0-0: Ball
1-0: DOUBLE (Line Drive, 7LM, EV 101.3 MPH)
Edwin Cardenas to third
Runner from 3rd tries for Home, SAFE, no throw by LF
Batting: RHB Donovan Miller 0-0: Swinging Strike
0-1: Ball
1-1: Foul Ball, location: 3DF
1-2: Strikes out swinging
Top of the 8th over - 1 run, 2 hits, 0 errors, 1 left on base; Corpus Christi 1 - San Antonio 2
BOTTOM OF THE 8TH
San Antonio Missions batting - Pitching for Corpus Christi Hooks : RHP Josh Baird
Now at 1B: Chad Boston
Now at 2B: Eric Black
Now in LF: Jesse Boal
Batting: SHB Billy Schneider 0-0: Fly out, F8 (Flyball, 8RM, EV 95.6 MPH)
Batting: LHB Corey Noto 0-0: Ball
1-0: Ball
2-0: SINGLE (Groundball, 6MD, EV 96.9 MPH)
Batting: RHB Sincere Robinson 0-0: Called Strike
0-1: SINGLE (Line Drive, 7S, EV 99.4 MPH)
Corey Noto to second
Batting: RHB Kyle Kurtz 0-0: Ball
1-0: Ball
2-0: SINGLE (Line Drive, 56D, EV 95.6 MPH)
Corey Noto to third
Sincere Robinson to second
Runner from 3rd tries for Home, SAFE, throw by LF to home
Batting: RHB Devon Pardoe 0-0: Ball
1-0: Ball
2-0: Called Strike
2-1: Swinging Strike
2-2: Ball
3-2: Foul Ball, location: 2F
3-2: Strikes out looking
Batting: RHB Mark Williams 0-0: Called Strike
0-1: Ball
1-1: Foul Ball, location: 9LMF
1-2: Ball
2-2: Foul Ball, location: 2F
2-2: SINGLE (Groundball, 6MD, EV 107.5 MPH)
Sincere Robinson to third
Kyle Kurtz to second
Runner from 3rd tries for Home, SAFE, throw by CF to home
Batting: RHB Mike McMichael 0-0: Ball
1-0: Foul Ball, location: 9LSF
1-1: Ball
2-1: Ball
3-1: Fly out, F5 (Popup, 5SF, EV 75.6 MPH)
Bottom of the 8th over - 2 runs, 4 hits, 0 errors, 2 left on base; Corpus Christi 1 - San Antonio 4
TOP OF THE 9TH
Corpus Christi Hooks batting - Pitching for San Antonio Missions : RHP Jacob Magaw
Batting: RHB Eric Black 0-0: Ball
1-0: SINGLE (Line Drive, 7S, EV 88.8 MPH)
Batting: RHB James Woodard 0-0: Ball
1-0: Grounds into double play, 5-4-3 (Groundball, 56, EV 77.5 MPH)
Batting: RHB David Warren 0-0: Foul Ball, location: 2F
0-1: Ball
1-1: Ground out U3 (Groundball, 3, EV 98.8 MPH)
Top of the 9th over - 0 runs, 1 hit, 0 errors, 0 left on base; Corpus Christi 1 - San Antonio 4
Sunday, May 12th , 2024 - OOTP Baseball 24.11 Build 85